 Dungeon Crawl Stone Soup version 0.29.1-15-g9cfb28693d (webtiles) character file.

Game seed: 15357816780284654684

585 Peloso the Covered (level 7, -1/61 HPs)
             Began as a Minotaur Fighter on Mar 21, 2023.
             Was an Initiate of Okawaru.
             Slain by Pikel
             ... wielding a +2 whip of electrocution
              (11 damage)
             ... on level 5 of the Dungeon.
             The game lasted 00:06:30 (3564 turns).

Peloso the Covered (Minotaur Fighter)               Turns: 3564, Time: 00:06:31

Health: -1/61      AC:  8    Str: 20    XL:     7   Next: 15%
Magic:  6/6        EV:  9    Int:  5    God:    Okawaru [......]
Gold:   87         SH: 10    Dex: 12    Spells: 6/6 levels left

rFire   . . .      SeeInvis .   b - +0 long sword
rCold   . . .      Faith    .   c - +0 buckler
rNeg    . . .      Spirit   .   y - +0 scale mail
rPois   .          Reflect  +   (helmet restricted)
rElec   .          Harm     .   (no cloak)
rCorr   .          Rampage  .   x - +0 pair of gloves
Will    .....                   (no boots)
Stlth   ..........              n - amulet of reflection
HPRegen 0.20/turn               (no ring)
MPRegen 0.10/turn               (no ring)

@: no status effects
A: horns 2, retaliatory headbutt
a: Renounce Religion


You were on level 5 of the Dungeon.
You worshipped Okawaru.
Okawaru was noncommittal.
You visited 2 branches of the dungeon, and saw 6 of its levels.

You collected 227 gold pieces.
You spent 140 gold pieces at shops.

Inventory:

Hand Weapons
 a - a -1 double sword
 b - a +0 long sword (weapon)
Armour
 c - a +0 buckler (worn)
 x - a +0 pair of gloves (worn)
 y - a +0 scale mail (worn)
Jewellery
 n - an amulet of reflection (around neck)
 v - a +6 ring of intelligence
Wands
 m - a wand of flame (50)
Scrolls
 d - 2 scrolls of immolation
 j - a scroll of blinking
 l - 3 scrolls of teleportation
 p - a scroll of amnesia {unknown}
 r - a scroll of magic mapping
 t - a scroll of identify
 w - a scroll of enchant armour {unknown}
Potions
 f - 2 potions of mutation
 h - a potion of degeneration {unknown}
 k - a potion of resistance {unknown}
 o - 2 potions of berserk rage {unknown}
 q - a potion of magic {unknown}
 s - a potion of brilliance {unknown}
 u - a potion of flight {unknown}


   Skills:
 + Level 5.3 Fighting
 + Level 5.8 Long Blades
 + Level 6.1 Armour
 + Level 0.6 Dodging
 + Level 0.4 Stealth
 + Level 5.1 Shields


You had 6 spell levels left.
You didn't know any spells.
Your spell library contained the following spells:

 Spells                   Type           Power      Damage    Failure   Level
 Apportation              Tloc           0%         N/A       88%         1
 Ensorcelled Hibernation  Hex/Ice        0%         N/A       95%         2
 Passwall                 Tmut/Erth      0%         N/A       95%         2
 Frozen Ramparts          Ice            0%         1d1       99%         3
 Portal Projectile        Hex/Tloc       0%         N/A       99%         3
 Swiftness                Air            0%         N/A       99%         3
 Ice Form                 Ice/Tmut       0%         N/A       100%        4
 Alistair's Intoxication  Tmut/Pois      0%         N/A       100%        5
 Blade Hands              Tmut           0%         N/A       100%        5
 Tukima's Dance           Hex            Unusable   N/A       N/A         3
 Summon Ice Beast         Ice/Summ       Unusable   N/A       N/A         4

Dungeon Overview and Level Annotations

Branches:
Dungeon (5/15)             Temple (1/1) D:4

Altars:
Fedhas
Gozag
Okawaru
Qazlal
Sif Muna
Trog
Uskayaw
Yredelemnul
The Shining One

Shops:
D:4 *

Annotations:
D:5 Pikel


Innate Abilities, Weirdness & Mutations

You have a pair of horns on your head.
You reflexively headbutt those who attack you in melee.


Message History

Pikel closely misses you.
Pikel hits you with a +2 whip of electrocution.
You are electrocuted!
You hit Pikel.
Pikel is lightly wounded.
You block Pikel's attack.
You hit Pikel but do no damage.
Pikel is lightly wounded.
Pikel closely misses you.
You hit Pikel but do no damage.
Pikel is lightly wounded.
You block Pikel's attack.
You miss Pikel.
Pikel is lightly wounded.
You block Pikel's attack.
You hit Pikel. Your headbutt misses Pikel.
Pikel is lightly wounded.
Pikel hits you with a +2 whip of electrocution!
You hit Pikel.
Pikel is moderately wounded.
Pikel closely misses you. You furiously retaliate!
You headbutt Pikel, but do no damage. You hit Pikel but do no damage.
Pikel is moderately wounded.
Pikel says, "Hell isn't that bad."
Pikel barely misses you.
You hit Pikel.
Pikel is moderately wounded.
You block Pikel's attack. x2
You hit Pikel.
Pikel is heavily wounded.
Pikel hits you with a +2 whip of electrocution.
You are electrocuted!!
* * * LOW HITPOINT WARNING * * *
You hit Pikel but do no damage. You headbutt Pikel!
Pikel is severely wounded.
Pikel hits you with a +2 whip of electrocution.
* * * LOW HITPOINT WARNING * * *
You are electrocuted!
You die...

......#..........########.
....5 #......[............
.... #..........##.......
##. #..........##.......
.( #..........##....... .
###.#####........... #5#
#........... #K#
#........... #@#
##.#####..... #.# #))#
#..... #.####.## #.....
##......######.....
#..................
#.############....| ..
###... ## #.## #.#


You could see Pikel and a lemure.

Vanquished Creatures
  Sigmund (D:2)
  A phantom (D:4)
  An orc priest (D:4)
  A jelly (D:4)
  Jessica (D:2)
  Terence (D:2)
  2 iguanas
  3 orc wizards
  Robin (D:2)
  3 adders
  2 ufetubi (D:4)
  A worm (D:2)
  7 orcs
  4 ball pythons (D:4)
  3 endoplasms
  8 giant cockroaches
  10 goblins
  6 hobgoblins
  4 jackals (D:3)
  4 kobolds
  3 quokkas
  3 frilled lizards
  3 rats
73 creatures vanquished.

Notes
Turn   | Place    | Note
-------+----------+-------------------------------------------
     0 | D:1      | Peloso the Minotaur Fighter began the quest for the Orb.
     0 | D:1      | Reached XP level 1. HP: 19/19 MP: 0/0
   418 | D:1      | Reached XP level 2. HP: 22/27 MP: 1/1
   421 | D:1      | Reached skill level 4 in Armour
   907 | D:2      | Found a faded altar of an unknown god.
   911 | D:2      | Noticed Sigmund
   994 | D:2      | Killed Sigmund
   995 | D:2      | Reached skill level 5 in Armour
   995 | D:2      | Reached XP level 3. HP: 32/35 MP: 2/2
   995 | D:2      | Reached XP level 4. HP: 38/41 MP: 3/3
   995 | D:2      | Reached XP level 5. HP: 43/47 MP: 4/4
  1093 | D:2      | Noticed Jessica
  1107 | D:2      | Killed Jessica
  1463 | D:2      | Identified the +0 helmet of Absolutism {Int+6 Slay+3}
  1463 | D:2      | Noticed Robin
  1463 | D:2      | Noticed Terence
  1469 | D:2      | Killed Robin
  1473 | D:2      | Killed Terence
  1859 | D:3      | Reached XP level 6. HP: 55/55 MP: 5/5
  2145 | D:3      | Found a bloodstained altar of Trog.
  2350 | D:4      | Reached skill level 5 in Fighting
  2352 | D:4      | Found a hide-covered altar of Uskayaw.
  2373 | D:4      | Reached skill level 5 in Long Blades
  2605 | D:4      | Reached skill level 6 in Armour
  2859 | D:4      | Found a staircase to the Ecumenical Temple.
  2874 | Temple   | Entered the Ecumenical Temple
  2913 | Temple   | Became a worshipper of Warmaster Okawaru
  2996 | D:4      | Reached XP level 7. HP: 58/61 MP: 6/6
  3020 | D:4      | Found Qoki's Lightly-Used Armoury.
  3129 | D:4      | Bought a -1 double sword for 140 gold pieces
  3219 | D:5      | Entered Level 5 of the Dungeon
  3316 | D:5      | Reached skill level 5 in Shields
  3535 | D:5      | Noticed Pikel
  3564 | D:5      | Slain by Pikel

Illustrated notes

Levels and vault maps discovered:
D:1:      lemuel_arrival_river_ford, layout_basic
D:2:      layout_basic, chequers_ecumenical_altar_simple, uniq_robin,
          uniq_terence, uniq_jessica, uniq_sigmund
D:3:      layout_rooms, mainiacjoe_overflow_24_doors
D:4:      layout_rooms, mainiacjoe_overflow_chevrons,
          minmay_temple_entry_offerings, minmay_shop_damaged,
          kennysheep_small_square
D:5:      layout_basic, uniq_edmund, uniq_pikel
Temple:   nicolae_temple_bog_church

Skill      XL: |  1  2  3  4  5  6  7 |
---------------+----------------------+-----
Armour         | 5 6 |  6.1
Fighting       | 4 5 |  5.3
Long Blades    | 3 4 5 |  5.8
Shields        | 4 5 |  5.1
Dodging        | |  0.6
Stealth        | |  0.4

Action                   |  1- 3 |  4- 6 |  7- 9 || total
-------------------------+-------+-------+-------++-------
Melee: Long sword        |    42 |   131 |    47 ||   220
       Headbutt          |     3 |    22 |     7 ||    32
  Use: Potion            |     2 |       |     1 ||     3
       Scroll            |       |       |     7 ||     7
Armor: Scale mail        |    17 |    46 |    12 ||    75
Dodge: Dodged            |    19 |    38 |    16 ||    73
Block: Buckler           |    10 |    55 |    29 ||    94
       Reflection        |       |     1 |       ||     1
